[ PARTIDA AOE2 · #478471959 ]
UnrankedEspañoles vs Khmer
[ ANÁLISIS DE REPETICIÓN · EXTRAÍDO DE LA PARTIDA GRABADA ]
Feudal
15:13
Castillos
18:55
Imperial
—
| APM promedio | 56.8 |
| APM pico | 89 |
| eAPM promedio | 24.0 |
| Aldeanos / militares | 95 / 11 |
Foco
⚔️ 30.6% · 🌾 69.4%
Conquistador ×11
Feudal
11:12
Castillos
24:13
Imperial
—
| APM promedio | 28.3 |
| APM pico | 54 |
| eAPM promedio | 13.4 |
| Aldeanos / militares | 134 / 23 |
Foco
⚔️ 15.1% · 🌾 84.9%
Scout Cavalry ×13 · Knight ×10
Feudal
13:22
Castillos
17:46
Imperial
29:22
| APM promedio | 40.6 |
| APM pico | 80 |
| eAPM promedio | 23.7 |
| Aldeanos / militares | 137 / 75 |
Foco
⚔️ 31.9% · 🌾 68.1%
Berserk ×37 · Skirmisher ×31 · Scorpion ×3 · Monk ×2 · Trebuchet (Packed) ×2
Feudal
13:12
Castillos
32:40
Imperial
—
| APM promedio | 41.8 |
| APM pico | 67 |
| eAPM promedio | 23.0 |
| Aldeanos / militares | 56 / 39 |
Foco
⚔️ 36.0% · 🌾 64.0%
Scout Cavalry ×39
Feudal
13:16
Castillos
36:01
Imperial
—
| APM promedio | 35.1 |
| APM pico | 61 |
| eAPM promedio | 18.1 |
| Aldeanos / militares | 64 / 56 |
Foco
⚔️ 44.8% · 🌾 55.2%
Archer ×37 · Spearman ×19
Feudal
12:35
Castillos
17:01
Imperial
33:18
| APM promedio | 27.2 |
| APM pico | 66 |
| eAPM promedio | 16.9 |
| Aldeanos / militares | 167 / 56 |
Foco
⚔️ 24.1% · 🌾 75.9%
Camel Archer ×56
Feudal
12:56
Castillos
16:31
Imperial
31:22
| APM promedio | 26.6 |
| APM pico | 56 |
| eAPM promedio | 18.8 |
| Aldeanos / militares | 165 / 79 |
Foco
⚔️ 22.0% · 🌾 78.0%
Elephant Archer ×54 · Skirmisher ×21 · Monk ×2 · Trebuchet (Packed) ×2
Feudal
13:37
Castillos
17:34
Imperial
36:34
| APM promedio | 28.4 |
| APM pico | 66 |
| eAPM promedio | 17.2 |
| Aldeanos / militares | 124 / 0 |
Foco
⚔️ 31.8% · 🌾 68.2%
Unknown (1952) ×71 · Unknown (1949) ×6
Mapa de la partida
Recursos iniciales + cada clic de construcción. Líneas = muros · curvas = relieve. ◆ oro · ⬟ piedra · ● bayas · ✦ reliquia · ◌ hueco del cierre
Tu base· Abierta — hueco de 5t
Base de JiKa· Abierta — flanco sin cerrar
Base de RoR | AngelinaJolie· Abierta — hueco de 12t
Base de Bakamaka· Abierta — hueco de 15t
Base de HUEM4Y· Abierta — flanco sin cerrar
Base de 骑人机的骑士· Abierta — flanco sin cerrar
Base de Gordito· Abierta — flanco sin cerrar
Base de TrickyMicky90· Abierta — flanco sin cerrar
Terreno inicial suavizado · ◌ = hueco del cierre detectado · pasá el cursor para detalles
Inputs por minuto
— Croccia - - JiKa
Build order — Croccia
Primeras 150 de 197 acciones detectadas
| 0:15 | Construir | Town Center |
| 1:11 | Construir | House |
| 1:21 | Construir | House |
| 1:32 | Construir | Palisade Wall |
| 1:44 | Construir | House |
| 1:57 | Construir | House |
| 2:11 | Construir | Palisade Wall |
| 2:33 | Construir | Palisade Wall |
| 3:43 | Crear | Villager (Male) |
| 3:49 | Construir | House |
| 3:51 | Crear | Villager (Male) |
| 3:54 | Crear | Villager (Male) |
| 3:54 | Crear | Villager (Male) |
| 3:54 | Crear | Villager (Male) |
| 4:32 | Construir | House |
| 4:44 | Construir | Palisade Wall |
| 4:48 | Construir | House |
| 5:20 | Investigar | Loom |
| 5:20 | Investigar | Loom |
| 5:28 | Construir | Palisade Wall |
| 5:40 | Crear | Villager (Male) |
| 6:15 | Crear | Villager (Male) |
| 6:15 | Crear | Villager (Male) |
| 6:46 | Construir | House |
| 7:07 | Crear | Villager (Male) |
| 7:07 | Crear | Villager (Male) |
| 7:24 | Crear | Villager (Male) |
| 7:27 | Construir | House |
| 8:25 | Crear | Villager (Male) |
| 8:26 | Crear | Villager (Male) |
| 8:32 | Construir | Palisade Wall |
| 8:35 | Construir | Palisade Wall |
| 8:37 | Construir | Palisade Wall |
| 8:58 | Construir | Palisade Wall |
| 9:01 | Construir | Palisade Wall |
| 9:02 | Construir | Palisade Wall |
| 9:06 | Crear | Villager (Male) |
| 9:20 | Construir | House |
| 9:21 | Crear | Villager (Male) |
| 9:26 | Crear | Villager (Male) |
| 9:40 | Construir | Mill |
| 9:56 | Crear | Villager (Male) |
| 9:56 | Crear | Villager (Male) |
| 10:04 | Crear | Villager (Male) |
| 10:04 | Crear | Villager (Male) |
| 10:20 | Crear | Villager (Male) |
| 10:42 | Crear | Villager (Male) |
| 10:56 | Crear | Villager (Male) |
| 11:56 | Crear | Villager (Male) |
| 12:20 | Crear | Villager (Male) |
| 12:33 | Construir | Lumber Camp |
| 12:56 | Construir | Palisade Wall |
| 12:59 | Construir | Palisade Wall |
| 13:01 | Construir | Palisade Wall |
| 13:03 | Investigar | Feudal Age |
| 13:04 | Investigar | Feudal Age |
| 14:08 | Construir | Palisade Wall |
| 14:22 | Construir | Palisade Wall |
| 14:26 | Construir | Palisade Wall |
| 15:13 | Edad | Edad Feudal |
| 15:17 | Construir | Blacksmith |
| 15:19 | Construir | Market |
| 15:35 | Construir | Palisade Wall |
| 16:15 | Investigar | Castle Age |
| 16:15 | Investigar | Castle Age |
| 16:57 | Construir | Palisade Wall |
| 17:00 | Construir | Palisade Wall |
| 17:02 | Construir | Palisade Wall |
| 17:03 | Construir | Palisade Wall |
| 17:05 | Construir | Palisade Wall |
| 17:24 | Construir | Palisade Wall |
| 17:34 | Crear | Villager (Male) |
| 17:45 | Construir | Palisade Wall |
| 18:27 | Construir | House |
| 18:34 | Crear | Villager (Male) |
| 18:55 | Edad | Edad de los Castillos |
| 18:59 | Crear | Villager (Male) |
| 19:04 | Construir | Palisade Wall |
| 19:39 | Construir | Castle |
| 19:42 | Crear | Villager (Male) |
| 19:50 | Construir | Palisade Wall |
| 19:56 | Construir | House |
| 21:02 | Crear | Villager (Male) |
| 21:42 | Crear | Conquistador |
| 21:42 | Crear | Conquistador |
| 22:19 | Crear | Conquistador |
| 22:19 | Crear | Conquistador |
| 22:58 | Crear | Conquistador |
| 22:58 | Crear | Conquistador |
| 23:04 | Construir | Farm |
| 24:07 | Crear | Villager (Male) |
| 24:14 | Crear | Villager (Male) |
| 24:31 | Crear | Conquistador |
| 24:59 | Crear | Conquistador |
| 25:00 | Crear | Villager (Male) |
| 25:23 | Crear | Villager (Male) |
| 26:04 | Crear | Conquistador |
| 26:04 | Crear | Villager (Male) |
| 26:05 | Crear | Villager (Male) |
| 26:23 | Crear | Villager (Male) |
| 27:12 | Crear | Villager (Male) |
| 27:14 | Crear | Conquistador |
| 27:29 | Construir | House |
| 27:42 | Crear | Villager (Male) |
| 27:43 | Crear | Conquistador |
| 28:22 | Crear | Villager (Male) |
| 28:39 | Crear | Villager (Male) |
| 29:16 | Crear | Villager (Male) |
| 29:56 | Construir | Palisade Gate |
| 29:58 | Construir | House |
| 30:00 | Construir | House |
| 30:34 | Crear | Villager (Male) |
| 30:42 | Crear | Villager (Male) |
| 30:45 | Construir | Town Center |
| 30:53 | Crear | Villager (Male) |
| 31:46 | Crear | Villager (Male) |
| 31:52 | Construir | Mining Camp |
| 32:11 | Crear | Villager (Male) |
| 32:21 | Crear | Villager (Male) |
| 32:35 | Construir | Mill |
| 32:38 | Investigar | Wheelbarrow |
| 32:38 | Crear | Villager (Male) |
| 32:53 | Construir | Town Center |
| 33:02 | Crear | Villager (Male) |
| 33:11 | Investigar | Double-Bit Axe |
| 33:11 | Investigar | Double-Bit Axe |
| 33:20 | Construir | Outpost |
| 33:21 | Construir | Outpost |
| 33:23 | Construir | Outpost |
| 33:24 | Construir | Outpost |
| 33:27 | Construir | Outpost |
| 33:28 | Construir | Outpost |
| 33:45 | Crear | Villager (Male) |
| 33:46 | Crear | Villager (Male) |
| 33:46 | Crear | Villager (Male) |
| 33:49 | Crear | Villager (Male) |
| 33:54 | Construir | House |
| 33:54 | Construir | House |
| 34:09 | Construir | Mill |
| 34:49 | Crear | Villager (Male) |
| 34:49 | Crear | Villager (Male) |
| 35:01 | Crear | Villager (Male) |
| 35:01 | Crear | Villager (Male) |
| 35:36 | Crear | Villager (Male) |
| 35:36 | Crear | Villager (Male) |
| 35:39 | Construir | House |
| 35:40 | Construir | House |
| 35:40 | Construir | House |
| 35:40 | Construir | House |
| 35:41 | Construir | House |
Build order — JiKa
Primeras 150 de 277 acciones detectadas
| 0:25 | Construir | Town Center |
| 0:45 | Construir | House |
| 2:45 | Crear | Villager (Male) |
| 2:45 | Crear | Villager (Male) |
| 2:46 | Crear | Villager (Male) |
| 2:46 | Crear | Villager (Male) |
| 2:46 | Crear | Villager (Male) |
| 3:37 | Crear | Villager (Male) |
| 4:36 | Crear | Villager (Male) |
| 4:50 | Crear | Villager (Male) |
| 4:55 | Construir | House |
| 5:13 | Construir | Lumber Camp |
| 5:41 | Crear | Villager (Male) |
| 5:41 | Crear | Villager (Male) |
| 5:41 | Crear | Villager (Male) |
| 6:20 | Crear | Villager (Male) |
| 6:37 | Crear | Villager (Male) |
| 7:13 | Construir | House |
| 7:16 | Crear | Villager (Male) |
| 7:47 | Crear | Villager (Male) |
| 8:12 | Crear | Villager (Male) |
| 8:18 | Investigar | Loom |
| 9:01 | Investigar | Feudal Age |
| 9:43 | Crear | Villager (Male) |
| 9:44 | Crear | Villager (Male) |
| 10:50 | Construir | House |
| 10:54 | Construir | House |
| 10:58 | Construir | House |
| 10:59 | Construir | House |
| 11:12 | Edad | Edad Feudal |
| 11:15 | Construir | Stable |
| 11:20 | Investigar | Double-Bit Axe |
| 11:21 | Crear | Villager (Male) |
| 11:37 | Construir | Mill |
| 11:50 | Crear | Scout Cavalry |
| 11:50 | Crear | Scout Cavalry |
| 12:01 | Crear | Villager (Male) |
| 12:21 | Construir | Mill |
| 12:26 | Crear | Villager (Male) |
| 12:28 | Crear | Scout Cavalry |
| 12:53 | Crear | Scout Cavalry |
| 12:55 | Crear | Villager (Male) |
| 13:21 | Crear | Villager (Male) |
| 13:34 | Construir | Blacksmith |
| 13:42 | Crear | Scout Cavalry |
| 14:00 | Crear | Scout Cavalry |
| 14:22 | Crear | Villager (Male) |
| 14:23 | Crear | Villager (Male) |
| 14:30 | Construir | Mill |
| 14:44 | Crear | Scout Cavalry |
| 14:48 | Crear | Villager (Male) |
| 14:49 | Crear | Scout Cavalry |
| 15:33 | Crear | Villager (Male) |
| 15:37 | Investigar | Scale Barding Armor |
| 15:37 | Investigar | Scale Barding Armor |
| 15:55 | Crear | Scout Cavalry |
| 16:07 | Crear | Villager (Male) |
| 16:08 | Crear | Villager (Male) |
| 16:11 | Investigar | Horse Collar |
| 16:11 | Investigar | Horse Collar |
| 16:16 | Construir | Lumber Camp |
| 16:25 | Construir | Mining Camp |
| 16:51 | Crear | Scout Cavalry |
| 16:53 | Crear | Villager (Male) |
| 17:14 | Crear | Villager (Male) |
| 17:28 | Crear | Villager (Male) |
| 17:40 | Crear | Scout Cavalry |
| 17:42 | Crear | Villager (Male) |
| 17:46 | Construir | Mining Camp |
| 18:05 | Crear | Scout Cavalry |
| 18:09 | Crear | Villager (Male) |
| 18:13 | Construir | House |
| 18:14 | Construir | House |
| 18:15 | Construir | House |
| 18:15 | Construir | House |
| 18:32 | Construir | Watch Tower |
| 18:45 | Crear | Scout Cavalry |
| 18:46 | Crear | Villager (Male) |
| 19:12 | Crear | Villager (Male) |
| 19:15 | Construir | House |
| 19:16 | Construir | House |
| 19:21 | Construir | Mill |
| 19:36 | Construir | Palisade Wall |
| 19:37 | Construir | Palisade Wall |
| 19:39 | Construir | Palisade Wall |
| 19:39 | Construir | Palisade Wall |
| 20:02 | Crear | Villager (Male) |
| 20:22 | Crear | Villager (Male) |
| 20:32 | Construir | Mill |
| 20:51 | Crear | Villager (Male) |
| 21:07 | Construir | Market |
| 21:14 | Construir | House |
| 21:18 | Construir | House |
| 21:33 | Investigar | Castle Age |
| 22:02 | Investigar | Bloodlines |
| 22:03 | Investigar | Bloodlines |
| 22:22 | Construir | Mill |
| 22:53 | Investigar | Forging |
| 22:55 | Investigar | Gold Mining |
| 22:56 | Investigar | Gold Mining |
| 22:56 | Investigar | Gold Mining |
| 23:06 | Construir | Farm |
| 23:17 | Construir | Outpost |
| 23:20 | Investigar | Town Watch |
| 24:10 | Crear | Villager (Male) |
| 24:10 | Crear | Villager (Male) |
| 24:13 | Edad | Edad de los Castillos |
| 24:17 | Investigar | Husbandry |
| 24:21 | Investigar | Bow Saw |
| 24:21 | Investigar | Bow Saw |
| 24:32 | Construir | Town Center |
| 24:52 | Construir | Town Center |
| 25:06 | Crear | Villager (Male) |
| 25:07 | Crear | Knight |
| 25:09 | Crear | Knight |
| 25:42 | Construir | Stable |
| 25:51 | Crear | Villager (Male) |
| 25:51 | Crear | Villager (Male) |
| 26:00 | Crear | Knight |
| 26:06 | Construir | Stable |
| 26:20 | Construir | Stable |
| 26:24 | Crear | Villager (Male) |
| 26:24 | Crear | Villager (Male) |
| 26:24 | Crear | Villager (Male) |
| 26:29 | Crear | Knight |
| 26:39 | Crear | Knight |
| 26:46 | Crear | Knight |
| 26:59 | Construir | Farm |
| 26:59 | Construir | Farm |
| 27:00 | Construir | Farm |
| 27:02 | Crear | Villager (Male) |
| 27:05 | Crear | Knight |
| 27:11 | Crear | Knight |
| 27:15 | Crear | Villager (Male) |
| 27:15 | Crear | Villager (Male) |
| 27:16 | Crear | Villager (Male) |
| 27:35 | Crear | Villager (Male) |
| 27:35 | Crear | Villager (Male) |
| 28:03 | Crear | Villager (Male) |
| 28:03 | Crear | Villager (Male) |
| 28:07 | Construir | Farm |
| 28:08 | Construir | Farm |
| 28:11 | Construir | Farm |
| 28:25 | Construir | Farm |
| 28:26 | Construir | Farm |
| 28:28 | Construir | Farm |
| 28:30 | Crear | Villager (Male) |
| 28:30 | Crear | Villager (Male) |
| 28:38 | Investigar | Husbandry |
| 28:38 | Investigar | Husbandry |
Build order — RoR | AngelinaJolie
Primeras 150 de 387 acciones detectadas
| 0:42 | Construir | Town Center |
| 2:47 | Construir | House |
| 2:48 | Crear | Villager (Male) |
| 2:48 | Crear | Villager (Male) |
| 2:48 | Crear | Villager (Male) |
| 2:49 | Crear | Villager (Male) |
| 2:49 | Crear | Villager (Male) |
| 3:45 | Crear | Villager (Male) |
| 3:45 | Crear | Villager (Male) |
| 4:25 | Construir | House |
| 4:55 | Crear | Villager (Male) |
| 4:55 | Crear | Villager (Male) |
| 4:55 | Crear | Villager (Male) |
| 4:56 | Crear | Villager (Male) |
| 5:13 | Construir | Lumber Camp |
| 6:02 | Crear | Villager (Male) |
| 6:03 | Crear | Villager (Male) |
| 6:46 | Construir | House |
| 6:49 | Construir | Palisade Wall |
| 6:52 | Construir | Palisade Wall |
| 6:54 | Construir | Palisade Wall |
| 6:56 | Crear | Villager (Male) |
| 6:56 | Crear | Villager (Male) |
| 7:12 | Crear | Villager (Male) |
| 7:12 | Crear | Villager (Male) |
| 7:30 | Crear | Villager (Male) |
| 7:30 | Crear | Villager (Male) |
| 7:31 | Crear | Villager (Male) |
| 7:52 | Crear | Villager (Male) |
| 8:22 | Crear | Villager (Male) |
| 8:22 | Crear | Villager (Male) |
| 8:40 | Crear | Villager (Male) |
| 8:58 | Construir | Mill |
| 9:44 | Construir | House |
| 9:47 | Investigar | Loom |
| 9:47 | Investigar | Loom |
| 9:59 | Construir | Mining Camp |
| 10:15 | Crear | Villager (Male) |
| 10:15 | Crear | Villager (Male) |
| 10:20 | Construir | House |
| 10:22 | Construir | Palisade Wall |
| 10:26 | Construir | Palisade Wall |
| 10:30 | Construir | Palisade Wall |
| 10:38 | Construir | Palisade Wall |
| 10:42 | Construir | Palisade Wall |
| 11:12 | Investigar | Feudal Age |
| 11:12 | Investigar | Feudal Age |
| 13:08 | Crear | Villager (Male) |
| 13:08 | Crear | Villager (Male) |
| 13:22 | Edad | Edad Feudal |
| 13:26 | Construir | Market |
| 13:30 | Construir | Blacksmith |
| 14:02 | Construir | House |
| 14:19 | Crear | Villager (Male) |
| 15:06 | Investigar | Castle Age |
| 15:07 | Investigar | Castle Age |
| 15:59 | Investigar | Double-Bit Axe |
| 15:59 | Investigar | Double-Bit Axe |
| 16:27 | Investigar | Horse Collar |
| 16:27 | Investigar | Horse Collar |
| 16:30 | Construir | Farm |
| 16:32 | Construir | Farm |
| 17:19 | Construir | Farm |
| 17:44 | Crear | Villager (Male) |
| 17:46 | Edad | Edad de los Castillos |
| 17:48 | Construir | Town Center |
| 17:50 | Construir | Town Center |
| 17:52 | Crear | Villager (Male) |
| 17:55 | Investigar | Bow Saw |
| 17:55 | Investigar | Bow Saw |
| 17:58 | Construir | Farm |
| 18:15 | Crear | Villager (Male) |
| 18:16 | Construir | Farm |
| 18:20 | Construir | Farm |
| 18:28 | Construir | Farm |
| 18:42 | Crear | Villager (Male) |
| 18:46 | Construir | Farm |
| 19:06 | Crear | Villager (Male) |
| 19:11 | Crear | Villager (Male) |
| 19:11 | Crear | Villager (Male) |
| 19:15 | Construir | Farm |
| 19:20 | Crear | Villager (Male) |
| 19:21 | Crear | Villager (Male) |
| 19:21 | Crear | Villager (Male) |
| 19:40 | Construir | Farm |
| 19:50 | Crear | Villager (Male) |
| 19:50 | Crear | Villager (Male) |
| 19:51 | Construir | Farm |
| 19:55 | Construir | Farm |
| 19:59 | Construir | Farm |
| 20:01 | Crear | Villager (Male) |
| 20:02 | Crear | Villager (Male) |
| 20:08 | Construir | Farm |
| 20:14 | Crear | Villager (Male) |
| 20:22 | Construir | Farm |
| 20:24 | Crear | Villager (Male) |
| 20:32 | Construir | Farm |
| 20:35 | Crear | Villager (Male) |
| 20:39 | Construir | Farm |
| 20:52 | Crear | Villager (Male) |
| 20:53 | Crear | Villager (Male) |
| 20:53 | Crear | Villager (Male) |
| 20:56 | Construir | Farm |
| 21:00 | Construir | Farm |
| 21:11 | Crear | Villager (Male) |
| 21:17 | Construir | Farm |
| 21:19 | Construir | Farm |
| 21:33 | Crear | Villager (Male) |
| 21:34 | Crear | Villager (Male) |
| 21:34 | Crear | Villager (Male) |
| 21:38 | Construir | House |
| 21:41 | Construir | House |
| 21:42 | Construir | House |
| 21:42 | Construir | House |
| 21:49 | Construir | Farm |
| 21:49 | Crear | Villager (Male) |
| 22:00 | Construir | Monastery |
| 22:10 | Construir | Farm |
| 22:14 | Investigar | Town Watch |
| 22:16 | Crear | Villager (Male) |
| 22:16 | Crear | Villager (Male) |
| 22:25 | Construir | Farm |
| 22:27 | Crear | Monk |
| 22:29 | Crear | Villager (Male) |
| 22:31 | Crear | Villager (Male) |
| 22:33 | Crear | Villager (Male) |
| 22:35 | Construir | Farm |
| 22:36 | Construir | Farm |
| 22:39 | Construir | Farm |
| 22:41 | Construir | Farm |
| 22:48 | Construir | House |
| 22:52 | Crear | Villager (Male) |
| 22:56 | Construir | Siege Workshop |
| 23:01 | Construir | Farm |
| 23:02 | Crear | Villager (Male) |
| 23:02 | Crear | Villager (Male) |
| 23:09 | Crear | Villager (Male) |
| 23:11 | Crear | Villager (Male) |
| 23:11 | Crear | Villager (Male) |
| 23:12 | Crear | Villager (Male) |
| 23:21 | Investigar | Gold Mining |
| 23:21 | Investigar | Gold Mining |
| 23:22 | Crear | Villager (Male) |
| 23:35 | Crear | Villager (Male) |
| 23:41 | Crear | Monk |
| 23:43 | Crear | Villager (Male) |
| 23:43 | Crear | Villager (Male) |
| 23:52 | Construir | House |
| 24:05 | Crear | Scorpion |
| 24:05 | Crear | Scorpion |
Build order — Bakamaka
Primeras 150 de 180 acciones detectadas
| 0:46 | Construir | Town Center |
| 1:17 | Construir | Lumber Camp |
| 1:22 | Construir | House |
| 2:46 | Crear | Villager (Male) |
| 2:46 | Crear | Villager (Male) |
| 2:47 | Crear | Villager (Male) |
| 2:47 | Crear | Villager (Male) |
| 2:47 | Crear | Villager (Male) |
| 3:17 | Construir | House |
| 3:24 | Construir | House |
| 3:33 | Construir | House |
| 3:43 | Construir | House |
| 4:23 | Construir | House |
| 4:37 | Construir | House |
| 4:53 | Crear | Villager (Male) |
| 5:16 | Investigar | Loom |
| 5:26 | Construir | Lumber Camp |
| 5:44 | Crear | Villager (Male) |
| 5:45 | Crear | Villager (Male) |
| 6:04 | Crear | Villager (Male) |
| 7:04 | Crear | Villager (Male) |
| 7:25 | Crear | Villager (Male) |
| 7:55 | Crear | Villager (Male) |
| 7:56 | Crear | Villager (Male) |
| 8:18 | Crear | Villager (Male) |
| 8:24 | Construir | Mill |
| 8:41 | Crear | Villager (Male) |
| 9:02 | Construir | Palisade Wall |
| 9:05 | Construir | Palisade Wall |
| 9:17 | Construir | House |
| 9:47 | Construir | House |
| 10:12 | Crear | Villager (Male) |
| 11:02 | Investigar | Feudal Age |
| 12:15 | Construir | Barracks |
| 12:41 | Construir | House |
| 12:55 | Construir | House |
| 13:06 | Crear | Villager (Male) |
| 13:12 | Edad | Edad Feudal |
| 13:15 | Construir | Stable |
| 13:17 | Crear | Villager (Male) |
| 13:35 | Crear | Villager (Male) |
| 13:49 | Investigar | Double-Bit Axe |
| 13:52 | Construir | Outpost |
| 14:12 | Construir | Watch Tower |
| 14:12 | Crear | Villager (Male) |
| 14:15 | Crear | Scout Cavalry |
| 14:15 | Crear | Scout Cavalry |
| 14:18 | Crear | Villager (Male) |
| 14:20 | Construir | House |
| 14:32 | Construir | Palisade Wall |
| 14:52 | Construir | Mill |
| 14:58 | Crear | Scout Cavalry |
| 15:14 | Construir | Palisade Wall |
| 15:15 | Construir | Palisade Wall |
| 15:30 | Crear | Villager (Male) |
| 15:43 | Construir | Palisade Wall |
| 15:44 | Construir | Palisade Wall |
| 15:45 | Construir | Palisade Wall |
| 15:47 | Construir | Palisade Wall |
| 16:08 | Crear | Scout Cavalry |
| 16:09 | Crear | Villager (Male) |
| 16:09 | Crear | Villager (Male) |
| 16:17 | Construir | Mill |
| 16:18 | Crear | Villager (Male) |
| 16:23 | Construir | Mining Camp |
| 16:48 | Crear | Scout Cavalry |
| 17:12 | Crear | Villager (Male) |
| 17:21 | Crear | Villager (Male) |
| 17:36 | Construir | House |
| 18:09 | Crear | Scout Cavalry |
| 18:11 | Construir | Watch Tower |
| 18:25 | Crear | Scout Cavalry |
| 18:26 | Crear | Villager (Male) |
| 19:31 | Crear | Scout Cavalry |
| 20:06 | Construir | House |
| 20:07 | Construir | Palisade Wall |
| 20:09 | Construir | Palisade Wall |
| 20:39 | Crear | Scout Cavalry |
| 20:42 | Crear | Villager (Male) |
| 20:43 | Crear | Scout Cavalry |
| 20:55 | Crear | Scout Cavalry |
| 21:14 | Construir | House |
| 21:23 | Crear | Villager (Male) |
| 21:41 | Crear | Scout Cavalry |
| 21:42 | Crear | Villager (Male) |
| 21:58 | Construir | Mill |
| 22:19 | Crear | Scout Cavalry |
| 22:21 | Crear | Villager (Male) |
| 22:29 | Construir | Watch Tower |
| 22:30 | Construir | House |
| 22:49 | Construir | Blacksmith |
| 22:52 | Investigar | Town Watch |
| 23:11 | Construir | Mill |
| 23:22 | Crear | Villager (Male) |
| 23:31 | Crear | Villager (Male) |
| 23:48 | Crear | Scout Cavalry |
| 23:57 | Construir | Farm |
| 24:09 | Investigar | Scale Barding Armor |
| 24:16 | Construir | Mill |
| 24:22 | Crear | Villager (Male) |
| 24:34 | Construir | Farm |
| 24:36 | Crear | Scout Cavalry |
| 24:38 | Crear | Villager (Male) |
| 24:48 | Construir | Watch Tower |
| 24:49 | Construir | House |
| 24:56 | Crear | Villager (Male) |
| 25:15 | Crear | Scout Cavalry |
| 25:16 | Crear | Scout Cavalry |
| 25:25 | Investigar | Forging |
| 25:25 | Investigar | Forging |
| 25:26 | Investigar | Forging |
| 26:01 | Crear | Villager (Male) |
| 26:07 | Crear | Scout Cavalry |
| 26:19 | Construir | Mill |
| 26:49 | Construir | Lumber Camp |
| 26:50 | Crear | Villager (Male) |
| 26:54 | Crear | Villager (Male) |
| 27:02 | Crear | Villager (Male) |
| 27:23 | Crear | Villager (Male) |
| 28:23 | Construir | House |
| 28:47 | Crear | Villager (Male) |
| 29:09 | Crear | Scout Cavalry |
| 29:09 | Crear | Scout Cavalry |
| 29:20 | Construir | Market |
| 29:51 | Construir | House |
| 30:00 | Investigar | Castle Age |
| 30:00 | Investigar | Castle Age |
| 30:13 | Crear | Scout Cavalry |
| 30:24 | Investigar | Bloodlines |
| 30:24 | Investigar | Bloodlines |
| 30:58 | Crear | Villager (Male) |
| 30:59 | Crear | Scout Cavalry |
| 31:03 | Construir | Stable |
| 31:11 | Construir | Mill |
| 31:27 | Construir | Watch Tower |
| 31:35 | Crear | Scout Cavalry |
| 31:45 | Construir | Mining Camp |
| 32:26 | Crear | Scout Cavalry |
| 32:27 | Crear | Scout Cavalry |
| 32:37 | Investigar | Gold Mining |
| 32:40 | Edad | Edad de los Castillos |
| 32:41 | Construir | Mill |
| 32:52 | Investigar | Light Cavalry (upgrade) |
| 32:53 | Investigar | Chain Barding Armor |
| 32:53 | Investigar | Chain Barding Armor |
| 32:54 | Crear | Villager (Male) |
| 33:08 | Crear | Villager (Male) |
| 33:21 | Crear | Villager (Male) |
| 33:25 | Crear | Villager (Male) |
| 33:27 | Crear | Scout Cavalry |
Build order — HUEM4Y
Primeras 150 de 218 acciones detectadas
| 0:56 | Construir | Town Center |
| 2:22 | Construir | House |
| 3:00 | Crear | Villager (Male) ×4 |
| 3:03 | Construir | House |
| 3:20 | Construir | House |
| 3:23 | Construir | House |
| 3:27 | Construir | House |
| 3:54 | Construir | House |
| 3:56 | Investigar | Loom |
| 4:02 | Crear | Villager (Male) |
| 4:02 | Crear | Villager (Male) |
| 4:02 | Crear | Villager (Male) |
| 5:16 | Crear | Villager (Male) |
| 5:22 | Construir | House |
| 5:27 | Construir | House |
| 5:53 | Crear | Villager (Male) |
| 5:54 | Crear | Villager (Male) |
| 6:28 | Construir | Lumber Camp |
| 6:36 | Crear | Villager (Male) |
| 6:37 | Crear | Villager (Male) |
| 6:42 | Construir | House |
| 6:43 | Construir | House |
| 6:56 | Crear | Villager (Male) |
| 6:57 | Crear | Villager (Male) |
| 7:20 | Crear | Villager (Male) |
| 7:36 | Construir | House |
| 7:59 | Crear | Villager (Male) |
| 8:00 | Crear | Villager (Male) |
| 8:03 | Crear | Villager (Male) |
| 9:00 | Crear | Villager (Male) |
| 9:00 | Crear | Villager (Male) |
| 9:00 | Crear | Villager (Male) |
| 9:01 | Crear | Villager (Male) |
| 9:01 | Crear | Villager (Male) |
| 9:01 | Crear | Villager (Male) |
| 9:44 | Construir | Barracks |
| 11:06 | Investigar | Feudal Age |
| 11:17 | Construir | Mining Camp |
| 11:56 | Construir | House |
| 11:57 | Construir | House |
| 12:13 | Crear | Villager (Male) |
| 13:16 | Edad | Edad Feudal |
| 13:18 | Construir | Archery Range |
| 13:29 | Construir | Blacksmith |
| 13:31 | Construir | House |
| 13:36 | Crear | Villager (Male) |
| 13:41 | Construir | Palisade Gate |
| 13:44 | Construir | Palisade Wall |
| 13:45 | Construir | Palisade Wall |
| 13:45 | Construir | Palisade Wall |
| 13:46 | Construir | Palisade Wall |
| 13:47 | Construir | Palisade Wall |
| 13:48 | Construir | Palisade Wall |
| 13:49 | Construir | Palisade Wall |
| 13:50 | Construir | Palisade Wall |
| 13:52 | Construir | Palisade Wall |
| 13:55 | Crear | Villager (Male) |
| 14:05 | Crear | Spearman |
| 14:05 | Crear | Spearman |
| 14:07 | Crear | Archer |
| 14:24 | Construir | House |
| 14:25 | Construir | House |
| 14:35 | Crear | Villager (Male) |
| 15:03 | Crear | Spearman |
| 15:05 | Crear | Archer |
| 15:06 | Crear | Villager (Male) |
| 15:17 | Crear | Villager (Male) |
| 15:40 | Crear | Archer |
| 16:12 | Crear | Villager (Male) |
| 16:13 | Crear | Archer |
| 16:19 | Construir | Mill |
| 16:23 | Crear | Villager (Male) |
| 16:56 | Crear | Archer |
| 17:09 | Construir | Blacksmith |
| 17:15 | Crear | Archer |
| 17:16 | Crear | Spearman |
| 17:18 | Crear | Villager (Male) |
| 17:37 | Crear | Archer |
| 18:11 | Crear | Archer |
| 18:12 | Crear | Villager (Male) |
| 18:16 | Construir | Farm |
| 18:16 | Construir | Farm |
| 18:16 | Construir | Farm |
| 18:17 | Construir | Farm |
| 18:17 | Construir | Farm |
| 18:37 | Crear | Villager (Male) |
| 18:58 | Crear | Spearman |
| 18:59 | Crear | Villager (Male) |
| 19:02 | Construir | Farm |
| 19:05 | Construir | Farm |
| 19:59 | Investigar | Fletching |
| 20:23 | Crear | Spearman |
| 20:29 | Construir | Farm |
| 20:56 | Crear | Villager (Male) |
| 21:01 | Construir | Farm |
| 21:07 | Construir | Mill |
| 21:08 | Construir | Farm |
| 21:08 | Construir | Farm |
| 21:09 | Construir | Farm |
| 21:09 | Construir | Farm |
| 21:09 | Construir | Farm |
| 21:10 | Construir | Farm |
| 21:18 | Crear | Archer |
| 21:41 | Crear | Spearman |
| 21:45 | Crear | Archer |
| 21:46 | Crear | Villager (Male) |
| 21:53 | Construir | House |
| 21:55 | Construir | House |
| 22:19 | Construir | Mill |
| 22:20 | Construir | Farm |
| 22:20 | Construir | Farm |
| 22:21 | Construir | Farm |
| 22:21 | Construir | Farm |
| 22:21 | Construir | Farm |
| 22:27 | Crear | Villager (Male) |
| 23:19 | Construir | Watch Tower |
| 23:22 | Construir | Watch Tower |
| 23:27 | Construir | Watch Tower |
| 23:35 | Crear | Spearman |
| 23:35 | Crear | Spearman |
| 23:36 | Crear | Villager (Male) |
| 23:39 | Crear | Archer |
| 23:39 | Crear | Archer |
| 24:22 | Crear | Villager (Male) |
| 24:30 | Crear | Archer |
| 25:06 | Crear | Archer |
| 25:15 | Construir | Market |
| 25:21 | Construir | Palisade Gate |
| 25:26 | Crear | Villager (Male) |
| 25:28 | Crear | Archer |
| 25:47 | Crear | Archer |
| 26:26 | Crear | Villager (Male) |
| 26:31 | Construir | Mill |
| 26:32 | Construir | Farm |
| 26:32 | Construir | Farm |
| 26:32 | Construir | Farm |
| 26:32 | Construir | Farm |
| 26:33 | Construir | Farm |
| 26:33 | Construir | Farm |
| 26:39 | Crear | Villager (Male) |
| 26:51 | Crear | Archer |
| 26:54 | Construir | Archery Range |
| 26:56 | Crear | Villager (Male) |
| 27:04 | Construir | Watch Tower |
| 27:11 | Crear | Villager (Male) |
| 27:18 | Construir | Watch Tower |
| 27:21 | Crear | Villager (Male) |
| 27:39 | Crear | Villager (Male) |
| 27:48 | Investigar | Double-Bit Axe |
| 28:16 | Crear | Villager (Male) |
Build order — 骑人机的骑士
Primeras 150 de 354 acciones detectadas
| 0:36 | Construir | Town Center |
| 0:47 | Construir | House |
| 2:55 | Crear | Villager (Male) |
| 2:55 | Crear | Villager (Male) |
| 2:55 | Crear | Villager (Male) |
| 3:01 | Crear | Villager (Male) |
| 3:01 | Crear | Villager (Male) |
| 4:34 | Crear | Villager (Male) |
| 4:34 | Crear | Villager (Male) |
| 4:36 | Crear | Villager (Male) |
| 4:37 | Crear | Villager (Male) |
| 4:39 | Construir | House |
| 5:09 | Crear | Villager (Male) |
| 5:09 | Crear | Villager (Male) |
| 5:10 | Crear | Villager (Male) |
| 5:11 | Crear | Villager (Male) |
| 5:11 | Crear | Villager (Male) |
| 5:33 | Construir | Lumber Camp |
| 5:58 | Crear | Villager (Male) |
| 5:58 | Crear | Villager (Male) |
| 5:59 | Crear | Villager (Male) |
| 6:40 | Crear | Villager (Male) |
| 6:40 | Crear | Villager (Male) |
| 7:09 | Construir | House |
| 7:21 | Crear | Villager (Male) |
| 7:21 | Crear | Villager (Male) |
| 7:21 | Crear | Villager (Male) |
| 8:01 | Crear | Villager (Male) |
| 8:01 | Crear | Villager (Male) |
| 8:33 | Construir | House |
| 8:58 | Construir | Mining Camp |
| 8:59 | Crear | Villager (Male) |
| 9:00 | Crear | Villager (Male) |
| 9:54 | Crear | Villager (Male) |
| 10:00 | Investigar | Feudal Age |
| 10:03 | Construir | Mining Camp |
| 10:50 | Construir | Mill |
| 11:31 | Crear | Villager (Male) |
| 11:31 | Crear | Villager (Male) |
| 12:35 | Edad | Edad Feudal |
| 12:39 | Construir | Market |
| 12:45 | Crear | Villager (Male) |
| 13:15 | Construir | Blacksmith |
| 13:56 | Crear | Villager (Male) |
| 13:57 | Crear | Villager (Male) |
| 14:20 | Investigar | Castle Age |
| 14:20 | Investigar | Castle Age |
| 14:45 | Investigar | Stone Mining |
| 15:16 | Investigar | Double-Bit Axe |
| 15:42 | Crear | Villager (Male) |
| 15:42 | Crear | Villager (Male) |
| 16:03 | Construir | House |
| 16:34 | Construir | House |
| 17:01 | Edad | Edad de los Castillos |
| 17:13 | Construir | Castle |
| 17:26 | Crear | Villager (Male) |
| 17:32 | Investigar | Gold Mining |
| 17:56 | Crear | Villager (Male) |
| 17:57 | Crear | Villager (Male) |
| 18:19 | Construir | Town Center |
| 18:38 | Construir | House |
| 18:45 | Crear | Villager (Male) |
| 18:45 | Crear | Villager (Male) |
| 18:59 | Crear | Camel Archer |
| 18:59 | Crear | Camel Archer |
| 19:03 | Crear | Villager (Male) |
| 19:03 | Crear | Villager (Male) |
| 19:35 | Construir | Stone Wall |
| 19:37 | Crear | Villager (Male) |
| 19:37 | Crear | Villager (Male) |
| 19:40 | Construir | House |
| 19:41 | Construir | House |
| 19:42 | Crear | Villager (Male) |
| 19:43 | Crear | Villager (Male) |
| 19:52 | Crear | Villager (Male) |
| 19:52 | Crear | Villager (Male) |
| 19:57 | Crear | Villager (Male) |
| 19:58 | Crear | Villager (Male) |
| 20:17 | Crear | Camel Archer |
| 20:18 | Crear | Camel Archer |
| 20:31 | Crear | Villager (Male) |
| 20:31 | Crear | Villager (Male) |
| 20:32 | Crear | Villager (Male) |
| 20:42 | Crear | Camel Archer |
| 20:56 | Construir | Stone Wall |
| 20:58 | Construir | Stone Wall |
| 21:16 | Crear | Villager (Male) |
| 21:16 | Crear | Villager (Male) |
| 21:16 | Crear | Villager (Male) |
| 21:30 | Crear | Villager (Male) |
| 21:30 | Crear | Villager (Male) |
| 21:30 | Crear | Villager (Male) |
| 21:39 | Construir | House |
| 21:43 | Construir | Stone Wall |
| 21:53 | Construir | Mining Camp |
| 22:01 | Crear | Camel Archer |
| 22:01 | Crear | Camel Archer |
| 22:01 | Crear | Camel Archer |
| 22:05 | Crear | Villager (Male) |
| 22:05 | Crear | Villager (Male) |
| 22:17 | Construir | Stone Wall |
| 22:19 | Crear | Villager (Male) |
| 22:19 | Crear | Villager (Male) |
| 22:24 | Construir | Gate |
| 22:52 | Crear | Villager (Male) |
| 22:52 | Crear | Villager (Male) |
| 22:52 | Crear | Villager (Male) |
| 22:57 | Construir | Town Center |
| 23:00 | Crear | Villager (Male) |
| 23:00 | Crear | Villager (Male) |
| 23:05 | Crear | Camel Archer |
| 23:05 | Crear | Camel Archer |
| 23:17 | Crear | Villager (Male) |
| 23:17 | Crear | Villager (Male) |
| 23:37 | Crear | Villager (Male) |
| 23:37 | Crear | Villager (Male) |
| 24:00 | Crear | Villager (Male) |
| 24:00 | Crear | Villager (Male) |
| 24:01 | Crear | Villager (Male) |
| 24:06 | Construir | Mill |
| 24:09 | Construir | Farm |
| 24:09 | Construir | Farm |
| 24:09 | Construir | Farm |
| 24:10 | Construir | Farm |
| 24:10 | Construir | Farm |
| 24:10 | Construir | Farm |
| 24:10 | Construir | Farm |
| 24:11 | Construir | Farm |
| 24:26 | Crear | Villager (Male) |
| 24:26 | Crear | Villager (Male) |
| 24:40 | Construir | Farm |
| 24:40 | Construir | Farm |
| 24:41 | Construir | Farm |
| 24:41 | Construir | Farm |
| 24:41 | Construir | Farm |
| 25:05 | Crear | Villager (Male) |
| 25:05 | Crear | Villager (Male) |
| 25:06 | Crear | Villager (Male) |
| 25:11 | Construir | Farm |
| 25:13 | Construir | Farm |
| 25:23 | Construir | Farm |
| 25:25 | Construir | Farm |
| 25:26 | Crear | Villager (Male) |
| 25:26 | Crear | Villager (Male) |
| 25:28 | Construir | Farm |
| 25:29 | Crear | Villager (Male) |
| 25:29 | Crear | Villager (Male) |
| 25:30 | Crear | Villager (Male) |
| 25:41 | Construir | Farm |
| 25:50 | Crear | Villager (Male) |
Build order — Gordito
Primeras 150 de 368 acciones detectadas
| 0:06 | Construir | Town Center |
| 2:48 | Crear | Villager (Male) |
| 2:48 | Crear | Villager (Male) |
| 2:48 | Crear | Villager (Male) |
| 2:48 | Crear | Villager (Male) |
| 2:49 | Crear | Villager (Male) |
| 3:18 | Construir | House |
| 4:03 | Construir | House |
| 4:07 | Crear | Villager (Male) |
| 4:07 | Crear | Villager (Male) |
| 4:56 | Crear | Villager (Male) |
| 4:56 | Crear | Villager (Male) |
| 5:33 | Construir | House |
| 5:43 | Crear | Villager (Male) |
| 5:43 | Crear | Villager (Male) |
| 5:43 | Crear | Villager (Male) |
| 6:02 | Crear | Villager (Male) |
| 6:22 | Construir | Lumber Camp |
| 6:40 | Crear | Villager (Male) |
| 6:40 | Crear | Villager (Male) |
| 7:43 | Crear | Villager (Male) |
| 7:43 | Crear | Villager (Male) |
| 7:43 | Crear | Villager (Male) |
| 7:48 | Crear | Villager (Male) |
| 7:49 | Crear | Villager (Male) |
| 7:52 | Crear | Villager (Male) |
| 7:52 | Crear | Villager (Male) |
| 7:56 | Crear | Villager (Male) |
| 7:56 | Crear | Villager (Male) |
| 8:46 | Construir | Mill |
| 8:59 | Crear | Villager (Male) |
| 9:14 | Construir | House |
| 9:14 | Construir | House |
| 9:48 | Construir | Mining Camp |
| 9:54 | Construir | Palisade Wall |
| 10:09 | Crear | Villager (Male) |
| 10:16 | Construir | Palisade Wall |
| 10:28 | Investigar | Feudal Age |
| 11:12 | Crear | Villager (Male) |
| 11:12 | Crear | Villager (Male) |
| 12:56 | Edad | Edad Feudal |
| 12:58 | Construir | Market |
| 12:59 | Construir | Blacksmith |
| 13:22 | Construir | House |
| 13:24 | Construir | Palisade Wall |
| 13:51 | Investigar | Castle Age |
| 13:52 | Investigar | Castle Age |
| 14:09 | Construir | House |
| 14:16 | Construir | Palisade Gate |
| 14:20 | Construir | House |
| 14:23 | Construir | Palisade Wall |
| 14:27 | Construir | Palisade Wall |
| 14:29 | Construir | Palisade Wall |
| 14:47 | Investigar | Double-Bit Axe |
| 14:49 | Investigar | Horse Collar |
| 15:00 | Construir | Farm |
| 15:00 | Construir | Farm |
| 15:57 | Crear | Villager (Male) |
| 16:23 | Crear | Villager (Male) |
| 16:31 | Edad | Edad de los Castillos |
| 16:33 | Construir | Town Center |
| 17:07 | Construir | Town Center |
| 17:19 | Crear | Villager (Male) |
| 17:29 | Investigar | Bow Saw |
| 17:49 | Construir | House |
| 17:51 | Construir | House |
| 17:52 | Crear | Villager (Male) |
| 17:53 | Crear | Villager (Male) |
| 18:00 | Construir | Farm |
| 18:10 | Construir | Farm |
| 18:15 | Crear | Villager (Male) |
| 18:15 | Crear | Villager (Male) |
| 18:17 | Crear | Villager (Male) |
| 18:17 | Crear | Villager (Male) |
| 18:20 | Construir | Farm |
| 18:22 | Crear | Villager (Male) |
| 18:22 | Crear | Villager (Male) |
| 18:32 | Crear | Villager (Male) |
| 18:32 | Crear | Villager (Male) |
| 18:36 | Construir | Farm |
| 18:38 | Construir | Farm |
| 18:45 | Crear | Villager (Male) |
| 18:47 | Construir | Farm |
| 19:01 | Crear | Villager (Male) |
| 19:05 | Construir | Mining Camp |
| 19:12 | Construir | Farm |
| 19:29 | Crear | Villager (Male) |
| 19:29 | Crear | Villager (Male) |
| 19:35 | Crear | Villager (Male) |
| 19:35 | Crear | Villager (Male) |
| 19:39 | Construir | Farm |
| 19:40 | Construir | Farm |
| 19:41 | Construir | Farm |
| 19:44 | Construir | Farm |
| 19:49 | Construir | Farm |
| 19:50 | Construir | Farm |
| 19:55 | Construir | House |
| 19:56 | Construir | House |
| 19:58 | Crear | Villager (Male) |
| 19:58 | Crear | Villager (Male) |
| 20:00 | Construir | Farm |
| 20:02 | Construir | Farm |
| 20:04 | Construir | Farm |
| 20:07 | Construir | Farm |
| 20:08 | Crear | Villager (Male) |
| 20:08 | Crear | Villager (Male) |
| 20:16 | Construir | Farm |
| 20:19 | Construir | Farm |
| 20:26 | Crear | Villager (Male) |
| 20:26 | Crear | Villager (Male) |
| 20:27 | Construir | Farm |
| 20:28 | Construir | Farm |
| 20:40 | Crear | Villager (Male) |
| 20:40 | Crear | Villager (Male) |
| 20:52 | Crear | Villager (Male) |
| 20:52 | Crear | Villager (Male) |
| 20:54 | Construir | Farm |
| 20:55 | Construir | Farm |
| 20:57 | Crear | Villager (Male) |
| 20:57 | Crear | Villager (Male) |
| 20:58 | Crear | Villager (Male) |
| 21:04 | Crear | Villager (Male) |
| 21:05 | Crear | Villager (Male) |
| 21:11 | Construir | Monastery |
| 21:17 | Crear | Villager (Male) |
| 21:17 | Crear | Villager (Male) |
| 21:21 | Construir | Farm |
| 21:22 | Crear | Villager (Male) |
| 21:23 | Crear | Villager (Male) |
| 21:39 | Crear | Villager (Male) |
| 21:39 | Crear | Villager (Male) |
| 21:39 | Crear | Villager (Male) |
| 21:54 | Crear | Villager (Male) |
| 21:54 | Crear | Villager (Male) |
| 21:54 | Crear | Villager (Male) |
| 22:02 | Crear | Monk |
| 22:05 | Crear | Villager (Male) |
| 22:05 | Crear | Villager (Male) |
| 22:09 | Construir | House |
| 22:10 | Construir | House |
| 22:11 | Construir | House |
| 22:15 | Crear | Villager (Male) |
| 22:21 | Construir | Town Center |
| 22:24 | Investigar | Loom |
| 22:27 | Construir | Lumber Camp |
| 22:29 | Crear | Villager (Male) |
| 22:30 | Crear | Villager (Male) |
| 22:30 | Crear | Villager (Male) |
| 22:30 | Crear | Villager (Male) |
| 22:34 | Construir | Farm |
Build order — TrickyMicky90
Primeras 150 de 339 acciones detectadas
| 0:13 | Construir | Town Center |
| 0:38 | Construir | House |
| 2:42 | Crear | Villager (Male) |
| 2:42 | Crear | Villager (Male) |
| 2:42 | Crear | Villager (Male) |
| 2:46 | Crear | Villager (Male) |
| 2:46 | Crear | Villager (Male) |
| 3:34 | Crear | Villager (Male) |
| 3:35 | Crear | Villager (Male) |
| 3:35 | Crear | Villager (Male) |
| 3:59 | Crear | Villager (Male) |
| 3:59 | Crear | Villager (Male) |
| 4:32 | Construir | House |
| 4:48 | Crear | Villager (Male) |
| 4:48 | Crear | Villager (Male) |
| 4:49 | Crear | Villager (Male) |
| 4:54 | Construir | Lumber Camp |
| 6:01 | Crear | Villager (Male) |
| 6:02 | Crear | Villager (Male) |
| 6:18 | Construir | House |
| 6:22 | Crear | Villager (Male) |
| 6:22 | Crear | Villager (Male) |
| 6:23 | Crear | Villager (Male) |
| 6:39 | Crear | Villager (Male) |
| 7:20 | Crear | Villager (Male) |
| 7:21 | Crear | Villager (Male) |
| 7:29 | Crear | Villager (Male) |
| 8:03 | Crear | Villager (Male) |
| 8:07 | Construir | Mill |
| 8:15 | Crear | Villager (Male) |
| 8:29 | Construir | House |
| 9:33 | Crear | Villager (Male) |
| 9:56 | Crear | Villager (Male) |
| 10:04 | Investigar | Loom |
| 10:34 | Construir | Mining Camp |
| 10:36 | Investigar | Feudal Age |
| 10:43 | Construir | Mill |
| 11:11 | Construir | House |
| 12:00 | Crear | Villager (Male) |
| 12:01 | Crear | Villager (Male) |
| 12:51 | Construir | Barracks |
| 13:37 | Edad | Edad Feudal |
| 13:39 | Construir | Blacksmith |
| 14:00 | Crear | Villager (Male) |
| 14:11 | Construir | Archery Range |
| 14:54 | Investigar | Castle Age |
| 14:54 | Investigar | Castle Age |
| 15:01 | Construir | House |
| 15:31 | Investigar | Double-Bit Axe |
| 15:50 | Investigar | Gold Mining |
| 16:00 | Investigar | Horse Collar |
| 16:24 | Investigar | Fletching |
| 16:25 | Investigar | Fletching |
| 16:45 | Crear | Villager (Male) |
| 16:46 | Crear | Villager (Male) |
| 17:00 | Construir | House |
| 17:01 | Construir | House |
| 17:34 | Edad | Edad de los Castillos |
| 17:44 | Construir | Town Center |
| 17:55 | Crear | Unit 1952 |
| 17:57 | Investigar | Bodkin Arrow |
| 18:15 | Crear | Villager (Male) |
| 18:17 | Crear | Villager (Male) |
| 18:18 | Crear | Unit 1952 |
| 18:18 | Crear | Unit 1952 |
| 18:40 | Crear | Unit 1952 |
| 18:40 | Crear | Unit 1952 |
| 18:42 | Crear | Villager (Male) |
| 19:06 | Crear | Villager (Male) |
| 19:06 | Crear | Villager (Male) |
| 19:07 | Crear | Unit 1952 |
| 19:21 | Crear | Villager (Male) |
| 19:40 | Crear | Villager (Male) |
| 19:59 | Investigar | Wheelbarrow |
| 20:09 | Crear | Unit 1952 |
| 20:10 | Crear | Villager (Male) |
| 20:21 | Crear | Unit 1952 |
| 20:23 | Crear | Villager (Male) |
| 20:23 | Crear | Villager (Male) |
| 20:55 | Crear | Unit 1952 |
| 20:58 | Crear | Villager (Male) |
| 20:58 | Crear | Villager (Male) |
| 21:13 | Construir | University |
| 21:22 | Construir | Town Center |
| 21:31 | Crear | Unit 1952 |
| 21:31 | Crear | Unit 1952 |
| 21:32 | Crear | Villager (Male) |
| 21:32 | Crear | Villager (Male) |
| 21:33 | Crear | Villager (Male) |
| 21:55 | Construir | House |
| 21:56 | Construir | House |
| 21:56 | Construir | House |
| 21:57 | Construir | House |
| 22:17 | Crear | Unit 1952 |
| 22:17 | Crear | Unit 1952 |
| 22:19 | Crear | Villager (Male) |
| 22:19 | Crear | Villager (Male) |
| 23:11 | Crear | Unit 1952 |
| 23:11 | Crear | Unit 1952 |
| 23:12 | Crear | Villager (Male) |
| 23:12 | Crear | Villager (Male) |
| 23:44 | Crear | Unit 1952 |
| 23:44 | Crear | Unit 1952 |
| 23:45 | Crear | Villager (Male) |
| 23:45 | Crear | Villager (Male) |
| 24:01 | Construir | Farm |
| 24:02 | Construir | Farm |
| 24:02 | Construir | Farm |
| 24:02 | Construir | Farm |
| 24:02 | Construir | Farm |
| 24:29 | Crear | Unit 1952 |
| 24:29 | Crear | Unit 1952 |
| 24:30 | Crear | Villager (Male) |
| 24:30 | Crear | Villager (Male) |
| 24:51 | Construir | University |
| 24:57 | Crear | Unit 1952 |
| 24:58 | Crear | Unit 1952 |
| 24:58 | Crear | Unit 1952 |
| 25:04 | Crear | Unit 1952 |
| 25:16 | Construir | Farm |
| 25:16 | Construir | Farm |
| 25:17 | Construir | Farm |
| 25:17 | Construir | Farm |
| 25:25 | Construir | Mining Camp |
| 25:34 | Investigar | Hand Cart |
| 25:47 | Crear | Villager (Male) |
| 25:47 | Crear | Villager (Male) |
| 25:48 | Crear | Villager (Male) |
| 25:48 | Crear | Villager (Male) |
| 25:48 | Crear | Villager (Male) |
| 25:48 | Crear | Villager (Male) |
| 25:49 | Crear | Villager (Male) |
| 25:49 | Crear | Villager (Male) |
| 26:00 | Investigar | Ballistics |
| 26:18 | Crear | Unit 1952 |
| 26:19 | Crear | Villager (Male) |
| 26:19 | Crear | Villager (Male) |
| 26:20 | Crear | Villager (Male) |
| 26:20 | Crear | Villager (Male) |
| 26:43 | Construir | Archery Range |
| 26:49 | Crear | Villager (Male) |
| 26:50 | Crear | Villager (Male) |
| 26:50 | Crear | Villager (Male) |
| 26:51 | Crear | Unit 1952 |
| 26:51 | Crear | Unit 1952 |
| 27:15 | Crear | Unit 1952 |
| 27:17 | Investigar | Padded Archer Armor |
| 27:20 | Crear | Villager (Male) |
| 27:21 | Crear | Villager (Male) |
| 27:21 | Crear | Villager (Male) |
Cronología de la partida
| 1:32 | Croccia · wall_segment Palisade Wall x1 |
| 2:11 | Croccia · wall_segment Palisade Wall x1 |
| 2:33 | Croccia · wall_segment Palisade Wall x1 |
| 4:44 | Croccia · wall_segment Palisade Wall x1 |
| 5:28 | Croccia · wall_segment Palisade Wall x1 |
| 6:49 | RoR | AngelinaJolie · wall_segment Palisade Wall x1 |
| 6:52 | RoR | AngelinaJolie · wall_segment Palisade Wall x3 |
| 6:54 | RoR | AngelinaJolie · wall_segment Palisade Wall x2 |
| 8:32 | Croccia · wall_segment Palisade Wall x1 |
| 8:35 | Croccia · wall_segment Palisade Wall x1 |
| 8:37 | Croccia · wall_segment Palisade Wall x1 |
| 8:58 | Croccia · wall_segment Palisade Wall x1 |
| 9:01 | Croccia · wall_segment Palisade Wall x1 |
| 9:02 | Bakamaka · wall_segment Palisade Wall x1 |
| 9:02 | Croccia · wall_segment Palisade Wall x1 |
| 9:05 | Bakamaka · wall_segment Palisade Wall x1 |
| 9:44 | HUEM4Y · first_building Barracks |
| 9:54 | Gordito · wall_segment Palisade Wall x7 |
| 10:16 | Gordito · wall_segment Palisade Wall x7 |
| 10:22 | RoR | AngelinaJolie · wall_segment Palisade Wall x1 |
| 10:26 | RoR | AngelinaJolie · wall_segment Palisade Wall x8 |
| 10:30 | RoR | AngelinaJolie · wall_segment Palisade Wall x12 |
| 10:38 | RoR | AngelinaJolie · wall_segment Palisade Wall x7 |
| 10:42 | RoR | AngelinaJolie · wall_segment Palisade Wall x20 |
| 11:12 | JiKa · age_up feudal |
| 11:15 | JiKa · first_building Stable |
| 12:15 | Bakamaka · first_building Barracks |
| 12:35 | 骑人机的骑士 · age_up feudal |
| 12:51 | TrickyMicky90 · first_building Barracks |
| 12:56 | Croccia · wall_segment Palisade Wall x1 |
| 12:56 | Gordito · age_up feudal |
| 12:59 | Croccia · wall_segment Palisade Wall x1 |
| 13:01 | Croccia · wall_segment Palisade Wall x1 |
| 13:12 | Bakamaka · age_up feudal |
| 13:15 | Bakamaka · first_building Stable |
| 13:16 | HUEM4Y · age_up feudal |
| 13:18 | HUEM4Y · first_building Archery Range |
| 13:22 | RoR | AngelinaJolie · age_up feudal |
| 13:24 | Gordito · wall_segment Palisade Wall x3 |
| 13:37 | TrickyMicky90 · age_up feudal |
| 13:44 | HUEM4Y · wall_segment Palisade Wall x1 |
| 13:45 | HUEM4Y · wall_segment Palisade Wall x1 |
| 13:45 | HUEM4Y · wall_segment Palisade Wall x1 |
| 13:46 | HUEM4Y · wall_segment Palisade Wall x1 |
| 13:47 | HUEM4Y · wall_segment Palisade Wall x1 |
| 13:48 | HUEM4Y · wall_segment Palisade Wall x1 |
| 13:49 | HUEM4Y · wall_segment Palisade Wall x1 |
| 13:50 | HUEM4Y · wall_segment Palisade Wall x1 |
| 13:52 | HUEM4Y · wall_segment Palisade Wall x1 |
| 14:08 | Croccia · wall_segment Palisade Wall x1 |
| 14:11 | TrickyMicky90 · first_building Archery Range |
| 14:12 | 骑人机的骑士 · first_market_sell 100 stone |
| 14:13 | 骑人机的骑士 · first_market_buy 100 food |
| 14:22 | Croccia · wall_segment Palisade Wall x1 |
| 14:23 | Gordito · wall_segment Palisade Wall x1 |
| 14:26 | Croccia · wall_segment Palisade Wall x1 |
| 14:27 | Gordito · wall_segment Palisade Wall x7 |
| 14:29 | Gordito · wall_segment Palisade Wall x9 |
| 14:32 | Bakamaka · wall_segment Palisade Wall x1 |
| 15:13 | Croccia · age_up feudal |
| 15:14 | Bakamaka · wall_segment Palisade Wall x1 |
| 15:15 | Bakamaka · wall_segment Palisade Wall x1 |
| 15:35 | Croccia · wall_segment Palisade Wall x1 |
| 15:43 | Bakamaka · wall_segment Palisade Wall x1 |
| 15:44 | Bakamaka · wall_segment Palisade Wall x1 |
| 15:45 | Bakamaka · wall_segment Palisade Wall x1 |
| 15:47 | Bakamaka · wall_segment Palisade Wall x1 |
| 16:15 | Croccia · first_market_sell 100 wood |
| 16:31 | Gordito · age_up castle |
| 16:57 | Croccia · wall_segment Palisade Wall x1 |
| 17:00 | Croccia · wall_segment Palisade Wall x1 |
| 17:01 | 骑人机的骑士 · age_up castle |
| 17:02 | Croccia · wall_segment Palisade Wall x1 |
| 17:03 | Croccia · wall_segment Palisade Wall x1 |
| 17:05 | Croccia · wall_segment Palisade Wall x1 |
| 17:13 | 骑人机的骑士 · first_building Castle |
| 17:24 | Croccia · wall_segment Palisade Wall x1 |
| 17:34 | TrickyMicky90 · age_up castle |
| 17:45 | Croccia · wall_segment Palisade Wall x1 |
| 17:46 | RoR | AngelinaJolie · age_up castle |
| 18:55 | Croccia · age_up castle |
| 19:04 | Croccia · wall_segment Palisade Wall x1 |
| 19:35 | 骑人机的骑士 · wall_segment Stone Wall x31 |
| 19:36 | JiKa · wall_segment Palisade Wall x3 |
| 19:37 | JiKa · wall_segment Palisade Wall x2 |
| 19:39 | JiKa · wall_segment Palisade Wall x2 |
| 19:39 | Croccia · first_building Castle |
| 19:39 | JiKa · wall_segment Palisade Wall x1 |
| 19:50 | Croccia · wall_segment Palisade Wall x1 |
| 20:07 | Bakamaka · wall_segment Palisade Wall x1 |
| 20:09 | Bakamaka · wall_segment Palisade Wall x1 |
| 20:56 | 骑人机的骑士 · wall_segment Stone Wall x4 |
| 20:58 | 骑人机的骑士 · wall_segment Stone Wall x3 |
| 21:11 | Gordito · first_building Monastery |
| 21:43 | 骑人机的骑士 · wall_segment Stone Wall x1 |
| 22:00 | RoR | AngelinaJolie · first_building Monastery |
| 22:17 | 骑人机的骑士 · wall_segment Stone Wall x39 |
| 22:56 | RoR | AngelinaJolie · first_building Siege Workshop |
| 24:09 | Gordito · first_building Barracks |
| 24:13 | JiKa · age_up castle |
| 24:39 | JiKa · first_market_buy 100 wood |
| 25:15 | RoR | AngelinaJolie · first_market_sell 100 wood |
| 25:22 | Croccia · first_market_buy 100 food |
| 25:48 | Gordito · first_building Stable |
| 26:11 | Gordito · first_building Archery Range |
| 26:56 | RoR | AngelinaJolie · first_building Barracks |
| 27:41 | TrickyMicky90 · first_building Stable |
| 27:47 | HUEM4Y · first_market_buy 100 food |
| 27:56 | RoR | AngelinaJolie · first_building Archery Range |
| 28:05 | RoR | AngelinaJolie · first_market_buy 100 stone |
| 28:34 | RoR | AngelinaJolie · first_building Castle |
| 29:22 | RoR | AngelinaJolie · age_up imperial |
| 29:32 | Gordito · first_market_sell 100 wood |
| 29:57 | RoR | AngelinaJolie · wall_segment Palisade Wall x1 |
| 29:58 | Bakamaka · first_market_sell 100 food |
| 30:38 | TrickyMicky90 · first_building Monastery |
| 31:09 | HUEM4Y · wall_segment Palisade Wall x15 |
| 31:18 | TrickyMicky90 · first_building Castle |
| 31:22 | Gordito · age_up imperial |
| 31:42 | Gordito · first_building Castle |
| 32:40 | Bakamaka · age_up castle |
| 32:41 | RoR | AngelinaJolie · wall_segment Palisade Wall x1 |
| 33:15 | HUEM4Y · first_market_sell 100 food |
| 33:16 | TrickyMicky90 · first_market_buy 100 food |
| 33:18 | 骑人机的骑士 · age_up imperial |
| 33:59 | RoR | AngelinaJolie · wall_segment Palisade Wall x1 |
| 34:01 | RoR | AngelinaJolie · wall_segment Palisade Wall x1 |
| 34:37 | 骑人机的骑士 · first_building Barracks |
| 35:29 | HUEM4Y · wall_segment Palisade Wall x1 |
| 35:32 | HUEM4Y · wall_segment Palisade Wall x1 |
| 35:32 | 骑人机的骑士 · first_building Archery Range |
| 35:33 | Gordito · first_market_buy 100 wood |
| 35:33 | HUEM4Y · wall_segment Palisade Wall x1 |
| 35:35 | HUEM4Y · wall_segment Palisade Wall x1 |
| 35:36 | HUEM4Y · wall_segment Palisade Wall x1 |
| 35:38 | Bakamaka · first_market_buy 100 wood |
| 35:41 | HUEM4Y · wall_segment Palisade Wall x1 |
| 35:43 | HUEM4Y · wall_segment Palisade Wall x1 |
| 36:01 | HUEM4Y · age_up castle |
| 36:34 | TrickyMicky90 · age_up imperial |
| 37:10 | TrickyMicky90 · first_market_sell 500 food |
| 38:28 | JiKa · resign |
[ ANÁLISIS IA · 1 CRÉDITO ]
¿Qué pasó realmente en esta partida?
Wolo.gg analiza cada decisión: build order, eco, micro, errores típicos por bracket. Análisis personalizado por WhatsApp o Discord en 30 segundos.
Guía civ
Españoles
Perfil
Jugador #14396288